Match 40723128
Unlisted
Match 40723128
End
Royal Engineer Section
Construct Section Command Post
Infantry Section
Selects Canadian Shock Battlegroup
Infantry Section
Construct Platoon Command Post
Selects Attacking Spirit
Selects Canadian Shock Section
Humber Armored Car
Canadian Shock Section
Construct Field Infirmary
Unlock Bishop Self-propelled Artillery
6-pounder Anti-tank Gun Team
Selects Incendiary Munitions
Selects Pyrotechnics
Bishop Self-propelled Artillery
Bishop Self-propelled Artillery
Grenade Package
Light Vehicle Training
MatioS
Zbirga
Cookie Addict
Europeos Gordo Y Tonto
0
0
Comments sign in to comment!
No comments posted yet!